 Dungeon Crawl Stone Soup version 0.30-a0-322-g102857c98e (webtiles) character file.

Game seed: 330775695869578569

413 oldmanjim the Magician (level 7, -3/45 HPs)
             Began as a Djinni Air Elementalist on Oct 27, 2022.
             Slain by an orc warrior
             ... wielding a +0 glaive
              (6 damage)
             ... on level 5 of the Dungeon.
             The game lasted 00:18:50 (2753 turns).

oldmanjim the Magician (Djinni Air Elementalist)    Turns: 2753, Time: 00:18:52

Health: -3/45      AC:  3    Str:  7    XL:     7   Next: 14%
Gold:   232        EV: 12    Int: 18    God:
                   SH:  0    Dex: 14

rFire   + + .      SeeInvis .    a - +0 dagger
rCold   x . .      Faith    .    (no shield)
rNeg    . . .      Spirit   .    k - +0 robe
rPois   ∞          Reflect  .    j - +0 helmet
rElec   .          Harm     .    (no cloak)
rCorr   .          Rampage  .    (no gloves)
Will    .....                    (boots unavailable)
Stlth   ++........               n - amulet of regeneration
HPRegen 1.07/turn                (no ring)
MPRegen 0.00/turn                (no ring)

@: flying, very slightly contaminated
A: sickness immunity, fire resistance 2, cold vulnerability 1, float, innate
caster, HP casting, extra vitality 1
a: no special abilities


You were on level 5 of the Dungeon.
You visited 1 branch of the dungeon, and saw 5 of its levels.

You collected 232 gold pieces.

Inventory:

Hand Weapons
 a - a +0 dagger (weapon)
Missiles
 d - 39 stones
 f - a throwing net
 p - 12 poisoned darts
 u - 6 javelins
 w - 5 boomerangs
Armour
 j - a +0 helmet (worn)
 k - a +0 robe (worn)
 v - a +0 leather armour
Jewellery
 n - an amulet of regeneration (around neck)
 s - a +6 ring of strength
 t - a +4 ring of protection
Scrolls
 c - 2 scrolls of identify {unknown}
 e - a scroll of enchant weapon {unknown}
 l - 4 scrolls of blinking {unknown}
 q - a scroll of vulnerability {unknown}
 x - 2 scrolls of teleportation {unknown}
 y - a scroll of immolation {unknown}
Potions
 b - a potion of lignification {unknown}
 g - 3 potions of curing {unknown}
 h - a potion of might {unknown}
 i - a potion of attraction {unknown}
 m - a potion of magic {unknown}
 o - 4 potions of heal wounds {unknown}
 r - a potion of brilliance {unknown}


   Skills:
 - Level 2.1 Dodging
 - Level 1.5 Stealth
 + Level 5.8 Spellcasting


You had one spell level left.
You knew the following spells:

 Your Spells              Type           Power      Damage    Failure   Level
a - Shock                 Conj/Air       100%       1d9       1%          1
b - Static Discharge      Conj/Air       52%        2-5/arc   1%          2
c - Swiftness             Air            26%        N/A       3%          3
d - Airstrike             Air            13%        2d(2-18)  11%         4
e - Kiss of Death         Conj/Necr      100%       2d13      1%          1
f - Ensorcelled Hibernat  Hex/Ice        52%        N/A       1%          2
g - Lesser Beckoning      Tloc           52%        N/A       3%          3
Your spell library was empty.

Dungeon Overview and Level Annotations

Branches:
Dungeon (5/15)
 Temple: D:4-7

Altars:

Annotations:
D:4 exclusion: sky beast


Innate Abilities, Weirdness & Mutations

You are immune to sickness and miasma.
You are immune to poison.
Your flesh is very heat resistant. (rF++)
You are vulnerable to cold. (rC-)
You float through the air rather than walking.
You learn spells naturally, not from books.
Your magical power is your life essence.
You have superior vitality. (+4 MHP)


Message History

Aim: an orc priest, wielding a +0 club (74% to hit)
The zap hits the orc priest!
The orc priest is heavily wounded.
Casting: Shock (safe; 1% risk of failure)
Confirm with . or Enter, or press ? or * to list all spells.
Aiming: Shock (safe; 1% risk of failure)
Press: ? - help, Shift-Dir - straight line, f/p - orc priest
Aim: an orc priest, wielding a +0 club (heavily wounded, 74% to hit)
The zap hits the orc priest.
The orc priest is severely wounded.
Unknown command.
Casting: Shock (safe; 1% risk of failure)
Confirm with . or Enter, or press ? or * to list all spells.
Aiming: Shock (safe; 1% risk of failure)
Press: ? - help, Shift-Dir - straight line, f/p - orc priest
Aim: an orc priest, wielding a +0 club (severely wounded, 74% to hit)
The zap hits the orc priest.
You kill the orc priest!
The orc warrior shoots a bolt.
The bolt closely misses you.
You see here a +0 club.
Casting: Shock (safe; 1% risk of failure)
Confirm with . or Enter, or press ? or * to list all spells.
The orc warrior is struck by an arc of lightning.
The orc warrior is lightly wounded.
You are struck by an arc of lightning.
The orc warrior is struck by an arc of lightning.
The orc warrior is moderately wounded.
You are struck by an arc of lightning.
The lightning grounds out.
The orc warrior unwields a +0 arbalest.
The orc warrior wields a +0 glaive.
The orc warrior hits you with a +0 glaive!!
* * * LOW HITPOINT WARNING * * *
The orc warrior misses you.
Casting: Static Discharge (safe; 1% risk of failure)
Confirm with . or Enter, or press ? or * to list all spells.
You miscast Static Discharge.
You are very lightly contaminated with residual magic.
Nothing appears to happen.
* * * LOW HITPOINT WARNING * * *
The orc warrior hits you with a +0 glaive.
You die...

.# .. .#
### .# #<#
##o### #.#
#)... #.#
#).#
#.######..#
#....@o...#
#########.#
.# ##


You could see an orc warrior.

Vanquished Creatures
  A jelly (D:4)
  3 orc priests (D:5)
  A gnoll bouda (D:4)
  An iguana (D:4)
  2 orc wizards (D:3)
  Robin (D:2)
  6 gnolls
  2 adders
  2 worms
  2 dart slugs
  7 orcs
  4 ball pythons
  5 bats
  3 endoplasms
  A giant cockroach (D:3)
  7 hobgoblins
  3 jackals (D:2)
  4 quokkas
  3 frilled lizards (D:2)
  20 goblins
  8 kobolds
  4 rats
90 creatures vanquished.

Notes
Turn   | Place    | Note
-------+----------+-------------------------------------------
     0 | D:1      | oldmanjim the Djinni Air Elementalist began the quest for
                  | the Orb.
     0 | D:1      | oldmanjim set off with the following spells memorised:
                  | Shock, Static Discharge, Swiftness, Airstrike.
     0 | D:1      | Reached XP level 1. HP: 15/15 MP: 0/0
   152 | D:1      | You are sucked into a shaft and drop 1 floor!
   190 | D:2      | Reached XP level 2. HP: 16/21 MP: 0/0
   303 | D:2      | Reached skill level 3 in Spellcasting
   484 | D:2      | Reached XP level 3. HP: 20/25 MP: 0/0
   484 | D:2      | Learned a level 1 spell: Kiss of Death
   616 | D:2      | Noticed Robin
   622 | D:2      | Killed Robin
   623 | D:2      | Reached XP level 4. HP: 25/31 MP: 0/0
   837 | D:2      | Reached skill level 4 in Spellcasting
   872 | D:2      | Identified the +1 leather armour of Honour {Rampage Regen+}
   941 | D:2      | Found a faded altar of an unknown god.
  1038 | D:2      | Reached XP level 5. HP: 30/35 MP: 0/0
  1038 | D:2      | Learned a level 2 spell: Ensorcelled Hibernation
  1687 | D:3      | Reached XP level 6. HP: 40/40 MP: 0/0
  1886 | D:4      | Noticed a sky beast
  1961 | D:4      | Reached skill level 5 in Spellcasting
  2722 | D:5      | Entered Level 5 of the Dungeon
  2740 | D:5      | Noticed an orc warrior
  2743 | D:5      | Reached XP level 7. HP: 41/45 MP: 0/0
  2743 | D:5      | Learned a level 3 spell: Lesser Beckoning
  2753 | D:5      | Slain by an orc warrior

Illustrated notes

Levels and vault maps discovered:
D:1:      dpeg_arrival_rooms_with_view, layout_basic, hangedman_decor_opposing
D:2:      layout_rooms, shapermc_ecumenical_altar_notcrosses, uniq_robin
D:3:      layout_basic
D:4:      kennysheep_the_goblin_king, layout_basic, minmay_starry_boxes
D:5:      layout_basic, portal_sewer_entry_e, uniq_crazy_yiuf_cottage

Skill      XL: |  1  2  3  4  5  6 |
---------------+-------------------+-----
Spellcasting   | 3 4 5 |  5.8
Dodging        | |  2.1
Stealth        | |  1.5

Action                   |  1- 3 |  4- 6 |  7- 9 || total
-------------------------+-------+-------+-------++-------
Melee: Dagger            |       |     1 |       ||     1
 Cast: Shock             |    39 |   163 |     3 ||   205
       Static Discharge  |     5 |    12 |     1 ||    18
       Ensorcelled Hiber |       |     1 |       ||     1
 Stab: Sleeping          |       |     1 |       ||     1
Armor: Robe              |     6 |     3 |       ||     9
Dodge: Dodged            |    15 |    13 |     2 ||    30

Table legend: (Time is in decaauts)
 A = Elapsed time spent in this place.
 B = Non-inter-level travel time spent in this place.
 C = Inter-level travel time spent in this place.
 D = Time resting spent in this place.
 E = Time spent auto-exploring this place.
 F = Levels seen in this place.
 G = Mean time per level.
                   A        B        C        D        E       F      G
               +--------+--------+--------+--------+--------+-----+--------+
         Total |   2752 |   2645 |    107 |     91 |   2050 |   5 |  550.4 |
       Dungeon |   2752 |   2645 |    107 |     91 |   2050 |   5 |  550.4 |
               +--------+--------+--------+--------+--------+-----+--------+

Top non-repeatable levels by time:
     D:3: 846 daAuts
     D:2: 815 daAuts
     D:4: 814 daAuts
     D:1: 244 daAuts
     D:5: 30 daAuts
